[Event "Team 45 45 League T85"]
[Site "Internet Chess Club"]
[Date "2020.08.05"]
[Round "6"]
[White "CPTsopiens"]
[Black "JeffH"]
[Result "0-1"]
[WhiteElo "1812"]
[BlackElo "1805"]
[Opening "Pirc: Austrian attack, 6.Bd3"]
[ECO "B09"]
[Time "19:00:12"]
[TimeControl "2700+45"]

1. e4 d6 2. d4 Nf6 3. Nc3 g6 4. f4 Bg7 5. Nf3 O-O 6. Bd3 Nc6 7. O-O Bg4 8. Be3
Bxf3 9. Qxf3 e5 10. dxe5 dxe5 11. Rad1 Qe7 12. a3 exf4 13. Qxf4 Nh5 14. Qf2 Bxc3
15. bxc3 b6 16. Bc4 Ne5 17. Bb3 Ng4 18. Qf3 Nxe3 19. Qxe3 Ng7 20. Qf3 Ne6 21.
Qg4 Nc5 22. Bd5 Rad8 23. h4 Nd7 24. Bb3 Ne5 25. Qg3 Rxd1 26. Rxd1 Kg7 27. h5 f6
28. a4 c5 29. Bd5 c4 30. Rd4 Qa3 31. Bxc4 Qxa4 32. Bb3 Qa3 33. Kh2 b5 34. h6+
Kxh6 35. Qh3+ Kg7 36. Qe6 Qc5 37. Rd7+ Nxd7 38. Qxd7+ Kh8 39. Qd3 a6 40. c4 b4
41. c3 bxc3 42. Qxc3 Qe5+ 43. Qg3 Qxg3+ 44. Kxg3 Rb8 45. Bd1 Kg7 46. Kf4 a5 47.
Ke3 Kf7 48. Bc2 Ke6 49. Kd4 Rb2 50. Kc3 Rxc2+ 51. Kxc2 Kd6 52. Kd3 Kc5 53. Kc3
h5 54. g3 g5 55. Kd3 g4 56. Ke3 a4 {White resigns} 0-1

[Event "Team 45 45 League T85"]
[Site "Internet Chess Club"]
[Date "2020.08.09"]
[Round "6"]
[White "timothysmall56"]
[Black "Demachaeron"]
[Result "1/2-1/2"]
[WhiteElo "1638"]
[BlackElo "1698"]
[Opening "Caro-Kann: classical variation"]
[ECO "B18"]
[Time "09:01:32"]
[TimeControl "2700+45"]

1. e4 c6 2. d4 d5 3. Nc3 dxe4 4. Nxe4 Bf5 5. Ng3 Bg6 6. Nf3 e6 7. Bd3 Bxd3 8.
Qxd3 Nf6 9. Bf4 Nd5 10. Bd2 Bd6 11. O-O Nd7 12. Qb3 Qb6 13. Qxb6 N5xb6 14. Ne4
Be7 15. Bf4 Nc8 16. c4 Nf6 17. Nxf6+ Bxf6 18. Be5 Ne7 19. Rad1 Rd8 20. Rfe1 Bxe5
21. dxe5 O-O 22. b4 a6 23. a4 b5 24. axb5 axb5 25. cxb5 cxb5 26. Nd4 Rd5 27. Nc2
Rfd8 28. Rxd5 Rxd5 29. f4 g6 30. Kf1 Nc6 31. Ke2 Nd4+ 32. Kd2 Nf3+ 33. Ke2 Nxe1
34. Kxe1 Kg7 35. Ke2 f6 36. exf6+ Kxf6 37. g4 h5 38. g5+ Ke7 39. Ke3 Rd1 40. Nd4
Rh1 41. Nf3 Kd6 42. h4 Rh3 43. Ke4 Rxf3 44. Kxf3 Kd5 45. Ke3 Kc4 46. Ke4 Kxb4
47. Ke5 Kc5 48. Kxe6 b4 49. f5 b3 50. f6 b2 51. f7 b1=Q 52. f8=Q+ Kd4 53. Qd6+
Ke3 54. Qg3+ Ke4 55. Qe5+ Kf3 56. Qc3+ Kg4 57. Qd4+ Kh3 58. Kf7 Kg3 59. Kg7 Qf5
{Game drawn by mutual agreement} 1/2-1/2

[Event "Team 45 45 League T85"]
[Site "Internet Chess Club"]
[Date "2020.08.08"]
[Round "6"]
[White "Packerfan"]
[Black "fledermaus"]
[Result "0-1"]
[WhiteElo "1740"]
[BlackElo "1894"]
[Opening "French defense, Steiner variation"]
[ECO "A13"]
[Time "15:00:16"]
[TimeControl "2700+45"]

1. c4 e6 2. e4 c5 3. Nc3 Nc6 4. g3 g6 5. Bg2 Bg7 6. Nge2 Nge7 7. d3 O-O 8. O-O
d6 9. Be3 Nd4 10. Rb1 Nec6 11. a3 Rb8 12. b4 b6 13. f4 Qd7 14. Bf2 Bb7 15. b5
Nxe2+ 16. Nxe2 Nd4 17. Nxd4 cxd4 18. Qd2 e5 19. fxe5 dxe5 20. a4 f5 21. exf5
Bxg2 22. Kxg2 gxf5 23. Rfe1 f4 24. h3 Bh6 25. Qa2 Qb7+ 26. Re4 fxg3 27. Bxg3 Bf4
28. Bxf4 Rxf4 29. Re1 Kh8 30. Kh2 Rf3 31. Rxe5 Rbf8 32. R1e2 Qd7 33. Rh5 Qd6+
34. Kh1 Rf1+ 35. Kg2 Qg6+ 36. Kh2 Qg1# {White checkmated} 0-1

[Event "Team 45 45 League T85"]
[Site "Internet Chess Club"]
[Date "2020.08.06"]
[Round "6"]
[White "justice02"]
[Black "Draconian"]
[Result "0-1"]
[WhiteElo "1522"]
[BlackElo "1735"]
[Opening "Sicilian defense"]
[ECO "B30"]
[Time "17:00:16"]
[TimeControl "2700+45"]

1. e4 c5 2. Nf3 Nc6 3. c3 e6 4. d3 d5 5. e5 d4 6. g3 Qc7 7. cxd4 cxd4 8. Bg2
Nxe5 9. Nxd4 Bb4+ 10. Kf1 Bd7 11. Be3 Nf6 12. a3 Ba5 13. Bf4 Qd6 14. Nb3 Ba4 15.
d4 Qa6+ 16. Kg1 Qb5 17. Bxe5 Bxb3 18. Qc1 Qe2 19. Nc3 Bxc3 20. Qxc3 Ng4 21. Qf3
Qxf3 22. Bxf3 Nxe5 23. dxe5 O-O-O 24. Kg2 Rd2 25. Rab1 Rhd8 26. Rhe1 Kb8 27. Re2
Rxe2 28. Bxe2 Rd2 29. Kf3 Ba2 30. Rd1 Bd5+ 31. Ke3 Rxb2 32. Rd3 Bc4 33. Rd8+ Kc7
34. Rd2 Rxd2 35. Kxd2 Bxe2 36. Kxe2 Kc6 37. Kd3 Kd5 38. f4 b5 39. Kc3 a5 40. Kb3
Ke4 41. Kc3 g5 {White resigns} 0-1

[Event "Team 45 45 League T85"]
[Site "Internet Chess Club"]
[Date "2020.08.11"]
[Round "6"]
[White "ivanson"]
[Black "Grenadier"]
[Result "1-0"]
[WhiteElo "1641"]
[BlackElo "1551"]
[Opening "Caro-Kann: Steinitz variation"]
[ECO "B17"]
[Time "17:00:53"]
[TimeControl "2700+45"]

1. e4 c6 2. d4 d5 3. Nc3 dxe4 4. Nxe4 Nd7 5. Ng5 Ngf6 6. Bd3 e6 7. N1f3 h6 8.
Nxe6 fxe6 9. Bg6+ Ke7 10. O-O Qc7 11. Qe2 Kd8 12. Ne5 Nxe5 13. dxe5 Nd5 14. c4
Ne7 15. Bc2 Bd7 16. Bf4 g5 17. Bg3 Bg7 18. Rad1 Rf8 19. Rd2 Nf5 20. Rfd1 Nxg3
21. Rxd7+ Qxd7 22. Rxd7+ Kxd7 23. hxg3 Rad8 24. Qe3 Kc7 25. Qxa7 Ra8 26. Qc5
Rfd8 27. Qe7+ Rd7 28. Qxe6 Rxa2 29. Bf5 Ra1+ 30. Kh2 Rdd1 31. g4 Kb6 32. Qe7 Bh8
33. Qb4+ Kc7 34. Qe7+ Kb6 35. Bc8 Rac1 36. b3 Rh1+ 37. Kg3 Rc3+ 38. f3 Re3 39.
Qxb7+ Kc5 40. Qa7+ {Black resigns} 1-0

[Event "Team 45 45 League T85"]
[Site "Internet Chess Club"]
[Date "2020.08.10"]
[Round "6"]
[White "GoIrish"]
[Black "Snuffleupegus"]
[Result "1-0"]
[WhiteElo "1508"]
[BlackElo "1518"]
[Opening "Réti opening"]
[ECO "A04"]
[Time "19:32:37"]
[TimeControl "2700+45"]

1. Nf3 c5 2. g3 Nc6 3. Bg2 Nf6 4. O-O g6 5. d3 Bg7 6. e4 e6 7. Nbd2 O-O 8. h3 d5
9. Qe2 d4 10. a3 a5 11. e5 Nd7 12. Nc4 b5 13. Nd6 Rb8 14. Bf4 Ndxe5 15. Nxe5
Qxd6 16. Nxc6 e5 17. Bxe5 Qe6 18. Rae1 Re8 19. Bxg7 Qxe2 20. Rxe2 Rxe2 21. Nxb8
Kxg7 22. Rc1 Bf5 23. Nc6 a4 24. Kf1 Re6 25. Re1 Bxh3 26. Rxe6 Bxe6 27. Ke2 f5
28. f4 Kf7 29. Ne5+ Kf6 30. Bc6 {Black resigns} 1-0